 Dungeon Crawl Stone Soup version 0.25.1-1-g288607f (webtiles) character file.

Game seed: 8789400384494908777

58 RonnieColeman the Caller (level 3, -1/20 HPs)
             Began as a Deep Elf Summoner on Sept 15, 2020.
             Slain by a gnoll
             ... wielding a +0 spear
              (7 damage)
             ... on level 2 of the Dungeon.
             The game lasted 00:06:15 (3655 turns).

RonnieColeman the Caller (Deep Elf Summoner)        Turns: 3655, Time: 00:06:15

Health: -1/20      AC:  2    Str:  5    XL:     3   Next: 75%
Magic:  1/11       EV: 13    Int: 20    God:
Gold:   92         SH:  0    Dex: 15    Spells: 8/11 levels left

rFire    . . .     SeeInvis .   e - +0 spear
rCold    . . .     Gourm    .   (no shield)
rNeg     . . .     Faith    .   a - +0 robe
rPois    .         Spirit   .   (no helmet)
rElec    .         Reflect  .   k - scarf {harm}
rCorr    .         Harm     +   (no gloves)
MR       .....                  (no boots)
Stlth    ++........             (no amulet)
HPRegen  0.06/turn              (no ring)
MPRegen  0.12/turn              (no ring)

@: no status effects
A: no striking features
a: no special abilities


You were on level 2 of the Dungeon.
You were not hungry.

You visited 1 branch of the dungeon, and saw 2 of its levels.

You collected 92 gold pieces.

Inventory:

Hand Weapons
 d - a +0 whip
 e - a +0 spear (weapon)
Armour
 a - a +0 robe (worn)
 k - a scarf of harm (worn)
Scrolls
 b - 3 scrolls of enchant armour {unknown}
 f - 2 scrolls of remove curse {unknown}
 g - a scroll of teleportation {unknown}
 h - a scroll of fear {unknown}
 i - 3 scrolls of blinking {unknown}
 l - a scroll of enchant weapon {unknown}
 n - a scroll of identify {unknown}
Potions
 j - a potion of mutation {unknown}
 o - a potion of ambrosia {unknown}
Comestibles
 c - 2 rations
 m - 2 chunks of flesh


   Skills:
 + Level 1.1 Fighting
 - Level 2.4 Dodging
 - Level 2.4 Stealth
 * Level 4.6 Spellcasting
 + Level 4.8 Summonings


You had 8 spell levels left.
You knew the following spells:

 Your Spells              Type           Power        Failure   Level  Hunger
a - Call Imp              Summ           ###.....     2%          2    #......
b - Summon Small Mammal   Summ           ###.         1%          1    None

Your spell library contained the following spells:

 Spells                   Type           Power        Failure   Level  Hunger
 Call Canine Familiar     Summ           ###.....     4%          3    ##.....
 Summon Guardian Golem    Hex/Summ       ##......     14%         3    ##.....
 Summon Ice Beast         Ice/Summ       ##......     41%         4    ####...
 Summon Lightning Spire   Summ/Air       ##......     41%         4    ####...


Dungeon Overview and Level Annotations

Branches:
Dungeon (2/15)

Altars:
Cheibriados


Message History

Confirm with . or Enter, or press ? or * to list all spells.
You don't have enough magic to cast that spell.
Casting: Call Imp (safe; 2% risk of failure)
Confirm with . or Enter, or press ? or * to list all spells.
You don't have enough magic to cast that spell.
Your crimson imp blinks!
Your crimson imp disappears in a puff of smoke!
Your crimson imp blinks!
You swap places.
Something hits you. The gnoll hits you but does no damage.
The gnoll hits you with a +0 club.
You hit the gnoll.
The gnoll is moderately wounded.
Something hits you but does no damage.
The gnoll hits you from afar with a +0 spear.
* * * LOW HITPOINT WARNING * * *
Your crimson imp closely misses something.
The gnoll misses you.
Your crimson imp blinks!
You swap places.
Something hits you.
You die...

#.# #.# #.# #.#
#.####### #.......#
#.......#
##.....>.######
##.#####g.5@.........#
..g......g.)5...####.#
#.. ##.#####........#
#.# #.. ##.......# #.#
#.. #..5....# #.# #.#
#.####### #5# #.#
##'## ##.## #.##
##...## #...#
...#########.....##
#..##


You could see 2 gnolls and 3 friendly crimson imps.

Vanquished Creatures
  An adder (D:2)
  3 goblins
  2 hobgoblins
  3 bats (D:1)
  2 frilled lizards (D:1)
  2 kobolds (D:2)
  5 rats
18 creatures vanquished.

Vanquished Creatures (collateral kills)
  2 adders (D:2)
  3 dart slugs
  A leopard gecko (D:1)
  A giant cockroach (D:1)
  A goblin (D:2)
  5 hobgoblins
  5 jackals (D:1)
  3 kobolds
  A ball python (D:1)
  2 bats
  5 frilled lizards
  2 rats
31 creatures vanquished.

Grand Total: 49 creatures vanquished

Notes
Turn   | Place    | Note
-------+----------+-------------------------------------------
     0 | D:1      | RonnieColeman the Deep Elf Summoner began the quest for the
                  | Orb.
     0 | D:1      | Reached XP level 1. HP: 10/10 MP: 6/6
   496 | D:1      | Reached XP level 2. HP: 14/16 MP: 8/8
  2008 | D:2      | Found a snail-covered altar of Cheibriados.
  2095 | D:2      | Reached XP level 3. HP: 20/20 MP: 0/10
  2099 | D:2      | Learned a level 2 spell: Call Imp
  2404 | D:2      | Reached skill level 1 in Fighting
  2933 | D:2      | Found a faded altar of an unknown god.
  3655 | D:2      | Slain by a gnoll

Illustrated notes

Levels and vault maps discovered:
D:1:      onia_arrival_pyramid, layout_basic, minmay_domino_2
D:2:      layout_loops_corners, overflow_temple_1_default,
          chequers_ecumenical_altar_simple_redux

Skill      XL: |  1  2  3 |
---------------+----------+-----
Spellcasting   | 4 |  4.6
Fighting       | 1 |  1.1
Dodging        | |  2.4
Stealth        | |  2.4
Summonings     | |  4.8

Action                   || total
-------------------------++-------
Melee: Unarmed           ||     6
       Whip              ||    16
       Spear             ||    79
 Cast: Summon Small Mamm ||    57
       Call Imp          ||    34
 Stab: Sleeping          ||     4
  Eat: Chunk             ||     9
Armor: Robe              ||    18
Dodge: Dodged            ||    82
